 Dungeon Crawl Stone Soup version 0.30-a0-365-ge7f957f1db (webtiles) character file.

Game seed: 3733516164203090256

15759 greasedhog the Carver (level 12, -5/84 (87) HPs)
             Began as a Merfolk Fighter on Nov 18, 2022.
             Was a High Priest of Dithmenos.
             Slain by an orange demon (6 damage)
             ... summoned by an orc sorcerer
             ... on level 2 of the Orcish Mines.
             The game lasted 00:24:07 (10870 turns).

greasedhog the Carver (Merfolk Fighter)            Turns: 10870, Time: 00:24:08

HP:   -5/84 (87)    AC:  5    Str: 16    XL:     12   Next: 30%
MP:   16/16         EV: 21    Int:  8    God:    Dithmenos [*****.]
Gold: 1824          SH:  6    Dex: 18    Spells: 11/11 levels left

rFire   . . .      SeeInvis .    a - +2 falchion (vamp)
rCold   . . .      Faith    .    c - +0 buckler
rNeg    . . .      Spirit   .    j - +0 troll leather armour
rPois   .          Reflect  .    (no helmet)
rElec   .          Harm     .    y - +0 cloak
rCorr   .          Rampage  .    (no gloves)
Will    .....                    (no boots)
Stlth   +++++++++.               (no amulet)
HPRegen 1.14/turn                i - +4 ring of evasion
MPRegen 0.15/turn                (no ring)

@: lethally poisoned (-5 -> -16), wreathed by umbra, lightly drained
A: (nimble swimmer 2), mertail
a: Renounce Religion, Shadow Step, Shadow Form


You were on level 2 of the Orcish Mines.
You worshipped Dithmenos.
Dithmenos was extremely pleased with you.
You visited 4 branches of the dungeon, and saw 14 of its levels.

You collected 1824 gold pieces.

Inventory:

Hand Weapons
 a - a +2 vampiric falchion (weapon)
 b - a +1 dagger of venom
 H - a +0 scimitar
Armour
 c - a +0 buckler (worn)
 j - a +0 troll leather armour (worn)
 y - a +0 cloak (worn)
Jewellery
 i - a +4 ring of evasion (left hand)
 v - a +6 ring of dexterity
 A - a +6 ring of strength
 G - a ring of ice
Wands
 r - a wand of polymorph (8)
 B - a wand of iceblast (10)
 D - a wand of paralysis (9)
Scrolls
 e - a scroll of enchant weapon
 f - 5 scrolls of amnesia
 g - 3 scrolls of teleportation
 h - 3 scrolls of fog
 o - 2 scrolls of blinking {unknown}
 s - a scroll of magic mapping {unknown}
 w - a scroll of summoning {unknown}
 x - a scroll of immolation {unknown}
 E - a scroll of torment
Potions
 k - 3 potions of flight
 l - a potion of heal wounds
 m - 2 potions of attraction
 n - 7 potions of curing
 p - 3 potions of brilliance
 q - a potion of invisibility
 t - a potion of lignification {unknown}
 u - 2 potions of resistance
 z - a potion of berserk rage {unknown}


   Skills:
 * Level 5.8 Fighting
 * Level 13.8 Long Blades
 - Level 2.1 Armour
 - Level 10.3 Dodging
 * Level 13.4 Stealth
 - Level 5.4 Shields
 - Level 5.5 Invocations


You had 11 spell levels left.
You didn't know any spells.
Your spell library contained the following spells:

 Spells                   Type           Power      Damage    Failure   Level
 Magic Dart               Conj           0%         1d3       56%         1
 Searing Ray              Conj           0%         2d4       71%         2
 Dazzling Flash           Conj/Hex       0%         N/A       90%         3
 Fulminant Prism          Conj/Hex       0%         3d5       100%        4
 Agony                    Necr           0%         N/A       100%        5
 Silence                  Hex/Air        0%         N/A       100%        5


Dungeon Overview and Level Annotations

Branches:
Dungeon (10/15)            Temple (1/1) D:4            Lair (0/5) D:8
    Orc (2/2) D:9             Elf (1/3) Orc:2

Altars:
Ashenzari
Cheibriados
Dithmenos
Elyvilon
Fedhas
Gozag
Hepliaklqana
Kikubaaqudgha
Makhleb
Nemelex Xobeh
Okawaru
Qazlal
Ru
Sif Muna
Trog
Uskayaw
Vehumet
Wu Jian
Xom
Yredelemnul
Zin
The Shining One

Shops:
Orc:2 ?[::

Annotations:
D:10 1 runed translucent door


Innate Abilities, Weirdness & Mutations

((You are very nimble when in or above water. (Stealth+, EV+, Speed+++)))
Your lower body shifts to a powerful aquatic tail in water.


Message History

The hellwing hits you but does no damage.
You feel very sick.
The orc sorcerer points at you and mumbles some strange words.
You shrug off the repeated paralysis!
The orc warrior hits you with a +0 short sword.
* * * LOW HITPOINT WARNING * * *
The orange demon completely misses you. The hellwing hits you!
* * * LOW HITPOINT WARNING * * *
The hellwing hits you but does no damage.
You can move again.
You feel better.
The orc sorcerer hits you with a +0 dagger.
* * * LOW HITPOINT WARNING * * *
The orc warrior closely misses you. The orange demon misses you.
The hellwing hits you!
* * * LOW HITPOINT WARNING * * *
The hellwing hits you.
* * * LOW HITPOINT WARNING * * *
You feel much better. The orc sorcerer closely misses you.
You block the orc warrior's attack. The orange demon misses you.
The hellwing hits you!
* * * LOW HITPOINT WARNING * * *
The hellwing misses you.
You hit the orc sorcerer but do no damage.
The orc sorcerer is almost dead.
The orc sorcerer gestures at you while chanting.
You resist with some effort. You block the orc warrior's attack.
The orange demon stings you from afar.
* * * LOW HITPOINT WARNING * * *
You are lethally poisoned!
The orange demon poisons you! The hellwing hits you!
* * * LOW HITPOINT WARNING * * *
You block the hellwing's attack.
You feel much better.
You feel very sick.
The orc sorcerer gestures at you while chanting.
The bolt of negative energy hits you!!
You feel drained.
* * * LOW HITPOINT WARNING * * *
The orc warrior completely misses you. The orange demon stings you from afar.
You die...

......#####......#...............
#...............##..#............
##.............##..........
.###############...........
...........................
#######....................
##.###...4...^.......
##.#.#####o......#.... #..)))#
#..@o....# #.# ##..)####...4...##
. #....#.#..<....#
#..........##.....
##.........#......
##..##............
#...#.........#... #..###.......#
#. #...# ###.#.###


You could see an orange demon (summoned), a hellwing (summoned), an orc sorcerer
(very poisoned) and an orc warrior.

Vanquished Creatures
  A two-headed ogre (D:8)
  A death knight (D:9)
  4 orc high priests
  An orc sorcerer (Orc:1)
  2 cyclopes (Orc:1)
  A kobold demonologist (D:9)
  A troll (Orc:1)
  Grinder (D:6)
  A hornet (D:9)
  2 wyverns
  20 yaks
  A steam dragon (D:6)
  A warg (D:9)
  4 acid dragons
  3 water moccasins
  13 orc warriors
  A sky beast (D:7)
  An ice beast (D:7)
  4 ogres
  A hornet zombie (D:8)
  3 centaurs
  A phantom (D:5)
  10 kobold brigands
  2 bullfrogs
  6 scorpions
  2 necrophages
  5 wights (D:5)
  8 killer bees
  3 howler monkeys
  4 centaur zombies (D:8)
  3 hounds
  22 orc priests
  2 gnoll boudas
  3 jellies
  2 iguanas
  20 orc wizards
  2 killer bee zombies (D:8)
  2 howler monkey zombies (D:8)
  15 gnolls
  4 adders
  A shadow imp (D:5)
  2 white imps
  2 ufetubi
  A worm (D:2)
  A dart slug (D:5)
  55 orcs
  8 ball pythons
  4 bats
  7 endoplasms
  3 giant cockroaches
  6 goblins
  8 hobgoblins
  3 quokkas
  3 frilled lizards
  17 kobolds
  5 rats
309 creatures vanquished.

Notes
Turn   | Place    | Note
-------+----------+-------------------------------------------
     0 | D:1      | greasedhog the Merfolk Fighter began the quest for the Orb.
     0 | D:1      | Reached XP level 1. HP: 18/18 MP: 1/1
    81 | D:1      | You fall into a shaft and drop 1 floor!
   116 | D:1      | Reached skill level 1 in Stealth
   116 | D:1      | Reached XP level 2. HP: 15/24 MP: 2/2
   450 | D:1      | Reached XP level 3. HP: 30/30 MP: 3/3
   661 | D:2      | Found a faded altar of an unknown god.
   930 | D:2      | Reached XP level 4. HP: 37/37 MP: 4/4
  1107 | D:2      | Reached XP level 5. HP: 43/43 MP: 5/5
  1587 | D:3      | Found a shimmering altar of Xom.
  1706 | D:3      | Found a snail-covered altar of Cheibriados.
  2043 | D:3      | Found a radiant altar of Vehumet.
  2043 | D:3      | Found an opulent altar of Gozag.
  2240 | D:4      | Found a staircase to the Ecumenical Temple.
  2249 | Temple   | Entered the Ecumenical Temple
  2254 | Temple   | Became a worshipper of Dithmenos the Shadowed
  2282 | D:4      | Reached XP level 6. HP: 36/50 MP: 6/6
  2327 | D:4      | Reached skill level 5 in Fighting
  2430 | D:4      | Reached skill level 5 in Long Blades
  2709 | D:4      | Reached skill level 1 in Dodging
  2866 | D:5      | Entered Level 5 of the Dungeon
  2928 | D:5      | Found a sparkling altar of Nemelex Xobeh.
  2950 | D:5      | Reached XP level 7. HP: 29/56 MP: 7/7
  3193 | D:5      | Reached skill level 5 in Stealth
  3682 | D:5      | Reached * piety under Dithmenos
  3814 | D:5      | Reached XP level 8. HP: 62/62 MP: 8/8
  3947 | D:5      | Reached skill level 5 in Dodging
  4427 | D:6      | Found an iron altar of Okawaru.
  4461 | D:6      | Noticed Grinder
  4475 | D:6      | Killed Grinder
  4476 | D:6      | Reached XP level 9. HP: 59/68 MP: 9/9
  4613 | D:6      | Found a sacrificial altar of Ru.
  4850 | D:7      | Found a stormy altar of Qazlal.
  5073 | D:7      | Reached ** piety under Dithmenos
  5736 | D:8      | Found a staircase to the Lair.
  5750 | D:8      | Found Oqewny's Weapon Boutique.
  5757 | D:8      | Noticed a two-headed ogre
  5765 | D:8      | Killed a two-headed ogre
  5789 | D:8      | Reached XP level 10. HP: 64/74 MP: 10/10
  5802 | D:8      | Reached skill level 10 in Long Blades
  5862 | D:8      | Found a basalt altar of Yredelemnul.
  6062 | D:8      | Found a glowing silver altar of Zin.
  6568 | D:9      | Noticed a kobold demonologist
  6592 | D:9      | Killed a kobold demonologist
  6593 | D:9      | Reached skill level 10 in Stealth
  6611 | D:9      | Reached skill level 10 in Dodging
  6838 | D:9      | Reached *** piety under Dithmenos
  6923 | D:9      | Noticed a death knight
  6941 | D:9      | Killed a death knight
  7236 | D:9      | Found a blossoming altar of Fedhas.
  7395 | D:9      | Reached XP level 11. HP: 54/79 MP: 11/11
  7659 | D:9      | Found a staircase to the Orcish Mines.
  7666 | D:9      | Identified a scroll of acquirement
  7669 | D:9      | Acquired 628 gold pieces
  7819 | D:10     | Entered Level 10 of the Dungeon
  7833 | D:10     | Reached skill level 5 in Shields
  7914 | D:10     | Found a runed translucent door.
  7991 | D:10     | Noticed a purple ugly thing
  8143 | D:9      | Reached skill level 1 in Invocations
  8221 | D:10     | Found a broken altar of Ashenzari.
  8383 | D:10     | Reached **** piety under Dithmenos
  8750 | Orc:1    | Entered Level 1 of the Orcish Mines
  9130 | Orc:2    | Entered Level 2 of the Orcish Mines
  9132 | Orc:2    | Noticed a cyclops
  9173 | Orc:1    | Killed a cyclops
  9429 | Orc:2    | Noticed an orc high priest
  9487 | Orc:2    | Noticed a cyclops
  9680 | Orc:1    | Killed a cyclops
  9713 | Orc:2    | Noticed an orc sorcerer
  9717 | Orc:2    | Noticed an orc high priest
  9779 | Orc:1    | Reached ***** piety under Dithmenos
  9957 | Orc:1    | Killed an orc sorcerer
 10090 | Orc:1    | Killed an orc high priest
 10091 | Orc:1    | Reached skill level 5 in Invocations
 10091 | Orc:1    | Reached XP level 12. HP: 40/86 MP: 15/15
 10171 | Orc:2    | Found a staircase to the Elven Halls.
 10173 | Orc:2    | Noticed an orc high priest
 10194 | Elf:1    | Entered Level 1 of the Elven Halls
 10224 | Orc:2    | Noticed a soul eater
 10231 | Orc:2    | Killed an orc high priest
 10247 | Orc:2    | HP: 4/86 [orc priest/divine providence (15)]
 10420 | Orc:2    | Noticed an orc high priest
 10491 | Orc:2    | Killed an orc high priest
 10669 | Orc:2    | Found Imoq's Magic Scroll Emporium.
 10669 | Orc:2    | Found Nuducet's Book Shoppe.
 10701 | Orc:2    | Found Leynir's Book Shoppe.
 10717 | Orc:2    | Killed an orc high priest
 10749 | Orc:2    | Found Bempives's Antique Armour Emporium.
 10864 | Orc:2    | Paralysed by an orc sorcerer for 2 turns
 10867 | Orc:2    | HP: 2/87 [hellwing[an orc sorcerer] (4)]
 10870 | Orc:2    | Slain by an orange demon

Illustrated notes

Levels and vault maps discovered:
D:1:      lightli_molten_gateway, layout_rooms, minmay_misc_feat_doors
D:2:      layout_basic, shapermc_ecumenical_altar_totnotflames,
          minmay_misc_feat_nine_boxes
D:3:      layout_loops_ring, mainiacjoe_overflow_catwalk, cheibriados_altar_1,
          gammafunk_temple_overflow_wave, serial_bayou_pond_d
D:4:      layout_basic, minmay_temple_entry_mini_moons
D:5:      layout_loops_corners, nemelex_xobeh_ov_fountains_minmay,
          grunt_decor_junction
D:6:      layout_rooms, nicolae_ru_the_path_less_chosen, okawaru_gym_becter,
          uniq_grinder
D:7:      layout_basic, nicolae_qazlal_general_emergency, st_stairs_6
D:8:      layout_basic, lemuel_doored_altar, nicolae_yredelemnul_corpse_copse,
          lair_entry_dummy, serial_shops, shop, hex_tiny
D:9:      layout_long_grid, fedhas_altar_3, david_orc_1_choice, special_room
          [special_room_kobold]
D:10:     layout_basic, evilmike_ruin_ashenzari, minmay_st_funbox
Temple:   hellmonk_temple_micro_hex
Orc:1:    layout_caves, serial_shops, nicolae_shop_behind_doors, uniq_maurice
Orc:2:    st_orc_mages, layout_caves, serial_shops, nicolae_diamond_shop
Elf:1:    minmay_elf_arrival_circle, layout_rooms, hangedman_corner_corridor,
          serial_sigils_hangedman_stare

Skill      XL: |  1  2  3  4  5  6  7  8  9 10 11 |
---------------+----------------------------------+-----
Stealth        | 1 2 3 4 5 7 9 11 13 | 13.4
Long Blades    | 3 4 5 6 8 9 11 13 | 13.8
Fighting       | 4 5 |  5.8
Dodging        | 2 4 6 9 10 | 10.3
Shields        | 4 5 |  5.4
Invocations    | 5 |  5.5
Armour         | |  2.1

Action                   |  1- 3 |  4- 6 |  7- 9 | 10-12 || total
-------------------------+-------+-------+-------+-------++-------
Melee: Long sword        |    33 |       |    68 |   175 ||   276
       Dagger            |    51 |   169 |   313 |   301 ||   834
       Tailslap          |       |       |     9 |       ||     9
       Falchion          |       |       |       |   732 ||   732
       Scimitar          |       |       |       |    22 ||    22
Throw: Throwing net      |       |       |     1 |       ||     1
Invok: Shadow Step       |       |       |       |     1 ||     1
Evoke: Wand              |       |       |     1 |     2 ||     3
  Use: Scroll            |     2 |     7 |     3 |     7 ||    19
       Potion            |       |       |     2 |     7 ||     9
 Stab: Sleeping          |       |    12 |     8 |    17 ||    37
       Held in net/web   |       |       |     2 |       ||     2
       Distracted        |       |       |       |     4 ||     4
Armor: Scale mail        |    16 |       |       |       ||    16
       Troll leather arm |     6 |    13 |    38 |   104 ||   161
Dodge: Dodged            |    37 |    86 |   277 |   982 ||  1382
Block: Buckler           |    12 |    29 |    79 |   307 ||   427

Table legend: (Time is in decaauts)
 A = Elapsed time spent in this place.
 B = Non-inter-level travel time spent in this place.
 C = Inter-level travel time spent in this place.
 D = Time resting spent in this place.
 E = Time spent auto-exploring this place.
 F = Levels seen in this place.
 G = Mean time per level.
                   A        B        C        D        E       F      G
               +--------+--------+--------+--------+--------+-----+--------+
         Total |  10441 |  10147 |    294 |    961 |   6106 |  14 |  745.8 |
       Dungeon |   8658 |   8376 |    282 |    335 |   5746 |  10 |  865.8 |
        Temple |     10 |     10 |      0 |      0 |      0 |   1 |   10.0 |
  Orcish Mines |   1769 |   1758 |     11 |    626 |    360 |   2 |  884.5 |
   Elven Halls |      2 |      2 |      0 |      0 |      0 |   1 |    2.0 |
               +--------+--------+--------+--------+--------+-----+--------+

Top non-repeatable levels by time:
     D:9: 1515 daAuts
     D:5: 1230 daAuts
   Orc:2: 1023 daAuts
     D:2: 948 daAuts
     D:8: 924 daAuts
    D:10: 775 daAuts
   Orc:1: 746 daAuts
     D:7: 742 daAuts
     D:4: 687 daAuts
     D:6: 625 daAuts
     D:3: 617 daAuts
     D:1: 592 daAuts
  Temple: 10 daAuts
   Elf:1: 2 daAuts
